 Dungeon Crawl Stone Soup version 0.28.0-53-g5a82cb258f (webtiles) character file.

Game seed: 4686163617561389223

345972 Gabide the Black Belt (level 22, -9/126 HPs)
             Began as a Vine Stalker Monk on June 6, 2022.
             Was the Champion of Sif Muna.
             Mangled by a deep elf blademaster
             ... wielding a +0 rapier
              (12 damage)
             ... on level 1 of the Elven Halls on June 7, 2022.
             The game lasted 04:40:46 (45936 turns).

Gabide the Black Belt (Vine Stalker Monk)          Turns: 45936, Time: 04:40:47

Health: -9/126     AC: 21    Str: 16    XL:     22   Next: 11%
Magic:  0/40       EV: 23    Int: 17    God:    Sif Muna [******]
Gold:   4570       SH:  0    Dex: 24    Spells: 23/47 levels left

rFire   + + +      SeeInvis .     - Unarmed
rCold   + + +      Faith    .   (no shield)
rNeg    . . .      Spirit   +   c - +1 ring mail of Theory {Rampage rF+ Will+ rCorr}
rPois   +          Reflect  .   v - +2 helmet
rElec   +          Harm     .   B - +2 cloak "Nefrelow" {Regen+}
rCorr   +          Rampage  +   E - +2 pair of gloves {infuse}
Will    ++++.                   f - +2 pair of boots of the Boiling Point {rF+ Str-2 Int+4}
Stlth   +++.......              X - amulet of Tiko {rElec rPois Regen+ Stlth+}
HPRegen 2.71/turn               Q - ring of Qeuxili {rF+ Will+ Str+2}
MPRegen 0.27/turn               D - ring of Toev {Drain rC+++ rCorr Int+3}

@: very slightly contaminated, studying Necromancy, invisible
A: fangs 3, regeneration 1, magic shield, antimagic bite, no potion heal 2,
shaggy fur 1, weak 1, noise suppression
}: 2/15 runes: barnacled, gossamer
a: Renounce Religion, Channel Magic, Forget Spell, Divine Exegesis


You were on level 1 of the Elven Halls.
You worshipped Sif Muna.
Sif Muna was exalted by your worship.
You visited 8 branches of the dungeon, and saw 37 of its levels.
You also visited: Bailey, Gauntlet and Volcano.

You collected 6922 gold pieces.
You spent 2352 gold pieces at shops.

Inventory:

Missiles
 t - 5 throwing nets
Armour
 c - the +1 ring mail of Theory (worn) {Rampage rF+ Will+ rCorr}
   (You found it on level 4 of the Dungeon)

   rF:        It protects you from fire.
   rCorr:     It protects you from acid and corrosion.
   Rampage:   It bestows one free step when moving towards enemies.
   Will:      It increases your willpower.
 f - the +2 pair of boots of the Boiling Point (worn) {rF+ Str-2 Int+4}
   (You found it in a Gauntlet)

   Str:       It affects your strength (-2).
   Int:       It affects your intelligence (+4).
   rF:        It protects you from fire.
 l - an orb of light
 v - a +2 helmet (worn)
 B - the +2 cloak "Nefrelow" (worn) {Regen+}
   (You bought it in a shop on level 7 of the Dungeon)

   Regen:     It increases your rate of health regeneration.
 E - a +2 pair of gloves of infusion (worn)
 S - an orb of guile
 Z - the +1 robe "Fyshrosk" {Fly rN+ Str-5 Archmagi}
   (You found it on level 11 of the Dungeon)

   Str:       It affects your strength (-5).
   rN:        It protects you from negative energy.
   Fly:       It grants you flight.
   Archmagi:  It increases the power of your magical spells.
Jewellery
 g - a ring of positive energy
 k - the ring "Ihyiv" {Will+ rCorr Str+6 Dex+2}
   (You found it in a Gauntlet)

   [ring of strength]

   Str:       It affects your strength (+6).
   Dex:       It affects your dexterity (+2).
   rCorr:     It protects you from acid and corrosion.
   Will:      It increases your willpower.
 p - a +4 ring of slaying
 x - the ring of the Tortoise {AC+8}
   (You found it on level 3 of the Depths)

   [ring of protection]

   AC:        It affects your AC (+8).
 D - the ring of Toev (right hand) {Drain rC+++ rCorr Int+3}
   (You found it in a Gauntlet)

   [ring of resist corrosion]

   Int:       It affects your intelligence (+3).
   rC:        It renders you almost immune to cold.
   rCorr:     It protects you from acid and corrosion.
   Drain:     It drains your maximum health when unequipped.
 Q - the ring of Qeuxili (left hand) {rF+ Will+ Str+2}
   (You took it off a merfolk on level 4 of the Shoals)

   [ring of willpower]

   Str:       It affects your strength (+2).
   rF:        It protects you from fire.
   Will:      It increases your willpower.
 W - a ring of flight
 X - the amulet of Tiko (around neck) {rElec rPois Regen+ Stlth+}
   (You found it on level 6 of the Lair of Beasts)

   [amulet of regeneration]

   rElec:     It insulates you from electricity.
   rPois:     It protects you from poison.
   Regen:     It increases your rate of health regeneration.
   Stlth:     It makes you more stealthy.
Wands
 n - a wand of acid (2)
 H - a wand of paralysis (19)
 I - a wand of digging (28)
 L - a wand of polymorph (26)
 U - a wand of charming (10)
 V - a wand of iceblast (29)
Scrolls
 b - 6 scrolls of fear
 e - 5 scrolls of vulnerability
 i - 4 scrolls of magic mapping
 m - 3 scrolls of fog
 o - 4 scrolls of enchant armour
 q - 2 scrolls of holy word
 u - 2 scrolls of blinking
 w - 2 scrolls of summoning
 A - a scroll of silence
 C - 14 scrolls of teleportation
 K - 6 scrolls of amnesia
 O - 6 scrolls of noise
Potions
 a - 19 potions of curing
 d - 7 potions of ambrosia
 h - 5 potions of brilliance
 j - 4 potions of haste
 r - 3 potions of might
 s - 3 potions of cancellation
 z - 7 potions of resistance
 G - 4 potions of magic
 J - 2 potions of flight
 M - 5 potions of mutation
 P - 2 potions of invisibility
 R - 6 potions of attraction
 T - 2 potions of berserk rage
Miscellaneous
 y - a condenser vane
 F - a box of beasts
 N - a phantom mirror
 Y - a phial of floods


   Skills:
 - Level 17.0 Fighting
 - Level 5.0 Armour
 + Level 15.1 Dodging
 - Level 2.4 Stealth
 - Level 20.0 Unarmed Combat
 - Level 13.0 Spellcasting
 - Level 13.0 Transmutations
 - Level 13.0 Earth Magic
 - Level 8.0 Invocations


You had 23 spell levels left.
You knew the following spells:

 Your Spells              Type           Power      Damage    Failure   Level
a - Blink                 Tloc           22%        N/A       17%         2
b - Wereblood             Tmut           53%        N/A       1%          2
c - Statue Form           Tmut/Erth      35%        N/A       9%          6
d - Petrify               Tmut/Erth      53%        N/A       1%          4
e - Lee's Rapid Deconstr  Erth           26%        3d15*     1%          5
f - Blade Hands           Tmut           26%        N/A       1%          5

Your spell library contained the following spells:

 Spells                   Type           Power      Damage    Failure   Level
 Beastly Appendage        Tmut           100%       N/A       1%          1
 Sandblast                Erth           100%       2d20      1%          1
 Sting                    Tmut/Pois      100%       1d8       1%          1
 Passwall                 Tmut/Erth      44%        N/A       1%          2
 Spider Form              Tmut/Pois      33%        N/A       2%          3
 Stone Arrow              Conj/Erth      66%        3d11      2%          3
 Ignite Poison            Fire/Tmut/Pois 25%        N/A       6%          3
 Animate Armour           Summ/Erth      66%        N/A       8%          4
 Ice Form                 Ice/Tmut       33%        N/A       8%          4
 Leda's Liquefaction      Hex/Erth       16%        N/A       8%          4
 Foxfire                  Conj/Fire      44%        2x1d6     11%         1
 Freeze                   Ice            44%        1d6       11%         1
 Magic Dart               Conj           44%        1d5       11%         1
 Pain                     Necr           44%        1d6       11%         1
 Shock                    Conj/Air       44%        1d5       11%         1
 Summon Small Mammal      Summ           44%        N/A       11%         1
 Call Imp                 Summ           11%        N/A       17%         2
 Corpse Rot               Necr/Air       22%        N/A       17%         2
 Ensorcelled Hibernation  Hex/Ice        22%        N/A       17%         2
 Poisonous Vapours        Pois/Air       22%        N/A       17%         2
 Scorch                   Fire           22%        2d6       17%         2
 Searing Ray              Conj           22%        2d5       17%         2
 Sublimation of Blood     Necr           11%        N/A       17%         2
 Alistair's Intoxication  Tmut/Pois      22%        N/A       22%         5
 Borgnjor's Vile Clutch   Necr/Erth      16%        N/A       22%         5
 Irradiate                Conj/Tmut      16%        3d19      22%         5
 Yara's Violent Unravell  Hex/Tmut       16%        3d8       22%         5
 Call Canine Familiar     Summ           11%        N/A       32%         3
 Confusing Touch          Hex            11%        N/A       32%         3
 Conjure Flame            Conj/Fire      11%        6-21      32%         3
 Dazzling Flash           Conj/Hex       22%        N/A       32%         3
 Frozen Ramparts          Ice            22%        1d4       32%         3
 Gell's Gravitas          Tloc           11%        N/A       32%         3
 Inner Flame              Hex/Fire       11%        N/A       32%         3
 Lesser Beckoning         Tloc           11%        N/A       32%         3
 Mephitic Cloud           Conj/Pois/Air  11%        N/A       32%         3
 Ozocubu's Armour         Ice            11%        N/A       32%         3
 Portal Projectile        Hex/Tloc       22%        N/A       32%         3
 Summon Guardian Golem    Hex/Summ       11%        N/A       32%         3
 Tukima's Dance           Hex            11%        N/A       32%         3
 Vampiric Draining        Necr           11%        2d6       32%         3
 Dragon Form              Tmut           26%        N/A       41%         7
 Airstrike                Air            5%         N/A       73%         4
 Anguish                  Hex/Necr       5%         N/A       73%         4
 Animate Dead             Necr           5%         N/A       73%         4
 Cause Fear               Hex            5%         N/A       73%         4
 Flame Wave               Conj/Fire      11%        2d5       73%         4
 Fulminant Prism          Conj/Hex       5%         3d7       73%         4
 Hailstorm                Conj/Ice       11%        3d5       73%         4
 Iskenderun's Mystic Bla  Conj/Tloc      11%        2d4       73%         4
 Olgreb's Toxic Radiance  Pois           11%        N/A       73%         4
 Passage of Golubria      Tloc           11%        N/A       73%         4
 Sticky Flame             Conj/Fire      11%        2d3       73%         4
 Summon Lightning Spire   Summ/Air       11%        N/A       73%         4
 Eringya's Noxious Bog    Tmut/Pois      16%        N/A       75%         6
 Iron Shot                Conj/Erth      16%        9d4       75%         6
 Excruciating Wounds      Necr           5%         N/A       97%         5
 Fireball                 Conj/Fire      5%         3d5       97%         5
 Freezing Cloud           Conj/Ice/Air   5%         6-21      97%         5
 Iskenderun's Battlesphe  Conj           11%        2d7       97%         5
 Lightning Bolt           Conj/Air       5%         1d17      97%         5
 Manifold Assault         Tloc           11%        N/A       97%         5
 Metabolic Englaciation   Hex/Ice        5%         N/A       97%         5
 Summon Forest            Summ/Tloc      5%         N/A       97%         5
 Summon Mana Viper        Hex/Summ       11%        N/A       97%         5
 Conjure Ball Lightning   Conj/Air       5%         3x3d6     100%        6
 Death Channel            Necr           5%         N/A       100%        6
 Dispersal                Tloc           5%         N/A       100%        6
 Simulacrum               Ice/Necr       5%         N/A       100%        6
 Starburst                Conj/Fire      5%         6d4       100%        6
 Summon Cactus Giant      Summ           5%         N/A       100%        6
 Enfeeble                 Hex            5%         N/A       100%        7
 Haunt                    Necr/Summ      5%         N/A       100%        7
 Monstrous Menagerie      Summ           5%         N/A       100%        7
 Orb of Destruction       Conj           5%         9d5       100%        7
 Ozocubu's Refrigeration  Ice            5%         4d6       100%        7
 Spellforged Servitor     Conj/Summ      5%         N/A       100%        7
 Storm Form               Tmut/Air       16%        N/A       100%        7
 Summon Hydra             Summ           5%         N/A       100%        7
 Disjunction              Tloc           5%         N/A       100%        8
 Ignition                 Fire           5%         3d4       100%        8
 Lehudib's Crystal Spear  Conj/Erth      16%        10d5      100%        8
 Necromutation            Tmut/Necr      16%        N/A       100%        8
 Death's Door             Necr           5%         N/A       100%        9
 Polar Vortex             Ice            5%         N/A       100%        9


Dungeon Overview and Level Annotations

Branches:
Dungeon (15/15)            Temple (1/1) D:7            Lair (6/6) D:8
 Shoals (4/4) Lair:3       Spider (4/4) Lair:3        Slime (0/5) Lair:6
    Orc (2/2) D:10            Elf (1/3) Orc:2        Vaults (0/5) D:13
 Depths (4/4) D:15            Zot (0/5) Depths:4     Bailey (visited)
Volcano (visited)         Gauntlet (visited)

Altars:
Ashenzari
Cheibriados
Dithmenos
Elyvilon
Fedhas
Gozag
Hepliaklqana
Kikubaaqudgha
Makhleb
Nemelex Xobeh
Okawaru
Qazlal
Ru
Sif Muna
Trog
Uskayaw
Vehumet
Wu Jian
Xom
Yredelemnul
Zin
The Shining One
Jiyva

Shops:
D:7 :[   D:11 *   D:13 **=?   Orc:1 *   Orc:2 ?(*!=   Elf:1 =(?=

Portals:
Hell: Depths:1 Depths:2 Depths:3 Depths:4
Abyss: Depths:1 Depths:2 Depths:3 Depths:4
Pandemonium: Depths:2 Depths:3
Ziggurat: Depths:3

Annotations:
Depths:1 2 transporters, exclusion: orange crystal statue, Morar's ghost, veteran PaBe
Depths:4 2 transporters, Woxosof's ghost, adept DsGl


Innate Abilities, Weirdness & Mutations

You have razor-sharp teeth.
Your natural rate of healing is unusually fast.
When hurt, damage is shared between your health and your magic reserves.
Your bite disrupts and absorbs the magic of your enemies.
Potions cannot restore your health.
You are covered in fur. (AC +1)
You are weak. (Str -2)
You passively dampen the noise of your surroundings.


Message History

The deep elf pyromancer blinks!
The deep elf master archer shoots an arrow.
The arrow hits you!!
You pummel the deep elf master archer!!
The deep elf master archer is almost dead.
The deep elf blademaster hits you with a +0 rapier!
The deep elf blademaster hits you but does no damage.
The deep elf master archer shoots an arrow.
The arrow hits you!!
* * * LOW HITPOINT WARNING * * *
You punch the deep elf master archer!
You kill the deep elf master archer!
Sif Muna accepts your kill.
The deep elf blademaster hits you with a +0 rapier!
* * * LOW HITPOINT WARNING * * *
The deep elf blademaster closely misses you.
You miss the deep elf blademaster.
Your bite misses the deep elf blademaster.
The deep elf blademaster hits you with a +0 rapier.
* * * LOW HITPOINT WARNING * * *
The deep elf blademaster completely misses you.
Press: ? - help, v - describe, . - travel
Here: a deep elf blademaster, wielding two +0 rapiers and wearing a +0 leather armour The floor.
Okay, then.
Press: ? - help, v - describe, . - travel
Here: a deep elf blademaster, wielding two +0 rapiers and wearing a +0 leather armour The floor.
Unknown command.
Press: ? - help, v - describe, . - travel
Here: a deep elf pyromancer, wielding a +0 long sword The floor.
You fade into invisibility!
The deep elf blademaster hits you with a +0 rapier.
* * * LOW HITPOINT WARNING * * *
The deep elf blademaster hits you with a +0 rapier!
* * * LOW HITPOINT WARNING * * *
The deep elf blademaster misses you.
The deep elf blademaster hits you with a +0 rapier!
You die...

.........####.....## #.#
....∩.....##.......##
#.#
..#...#....#........#
... ......)....#........
.∩..8.)∩.........#####
......)....#)..###.⌠.###
..#...#....##.##.⌠...⌠.#
....∩.....###.#⌠.......⌠
.....:...## #.'.@)......
#.......## #.'.e...e...
##.....## ###⌠.......⌠
###.### ##.⌠...⌠.# ..#
###.⌠.### ..# #### ..#


You could see a deep elf blademaster and a deep elf pyromancer.

Vanquished Creatures
  A dread lich (Depths:3)
  2 ancient liches (Depths:3)
  4 juggernauts
  2 caustic shrikes (Depths:2)
  The ghost of Egehe the Warrior, an adept DgCj (Depths:3)
  3 golden dragons (Depths:2)
  Nikola (Shoals:2)
  A bone dragon (Depths:4)
  Arachne (Spider:2)
  A tentacled monstrosity (Depths:3)
  A deep elf master archer (Elf:1)
  A titan (Depths:1)
  Polyphemus (Shoals:3)
  The ghost of Suc Xyut the Victor of a Thousand Battles, an adept DsGl of Okawaru (Depths:3)
  5 sphinxes
  A storm dragon (Depths:2)
  A shadow dragon (Depths:2)
  6 fire giants
  3 emperor scorpions
  4 frost giants
  Louise (Shoals:3)
  2 balrugs (Depths:1)
  A cacodemon (Depths:1)
  3 ghost moths
  5 broodmothers
  A draconian annihilator (Depths:4)
  A reaper (Depths:1)
  4 very ugly things
  14 stone giants
  5 entropy weavers
  A yellow draconian (Depths:4)
  A purple draconian (Depths:4)
  A black draconian (Depths:4)
  The ghost of Afrar the Peltast, a journeyman FoFi of Okawaru (D:12)
  4 dire elephants
  A red draconian (Depths:4)
  3 minotaurs
  2 blizzard demons
  Snorg (D:10)
  A green death (Depths:1)
  13 spark wasps
  33 ettins
  3 jiangshi (Depths:1)
  2 merfolk javelineers
  The ghost of Fiha the Thaumaturge, a journeyman VSTm of Dithmenos (Lair:4)
  The ghost of Exodus22XD the Unseen, a journeyman SpEn of Dithmenos (Orc:2)
  7 merfolk impalers
  A great orb of eyes (Depths:3)
  4 fire dragons
  A vault guard (D:13)
  A rakshasa (Depths:1)
  9 hydras
  A quicksilver dragon zombie (Depths:1)
  8 ice dragons
  An alligator snapping turtle (Shoals:3)
  Erica (D:8)
  10 boulder beetles
  A merfolk avatar (Shoals:4)
  3 centaur warriors
  A spriggan air mage (Depths:2)
  An ogre mage (Depths:3)
  2 radroaches (Spider:1)
  3 catoblepae
  2 merfolk aquamancers
  A death knight (D:11)
  15 deep troll earth magi
  2 jorogumos (Spider:3)
  8 two-headed ogres
  10 satyrs (Shoals:4)
  7 tengu warriors
  10 deep troll shamans
  4 orc high priests (Orc:2)
  A vampire mage (Depths:1)
  11 death yaks
  5 spriggan berserkers
  4 dancing weapons
  A hell knight (Depths:2)
  4 deep elf knights (Elf:1)
  A sun demon (Depths:2)
  3 soul eaters
  A spectral death yak (Lair:6)
  A spectral anaconda (Lair:6)
  7 skeletal warriors
  A fire crab (Lair:6)
  10 iron trolls
  A salamander mystic (Depths:2)
  3 pharaoh ants
  3 sun moths
  11 orb spiders
  7 sea snakes
  A death drake (Depths:2)
  A glowing orange brain (Depths:2)
  26 deep trolls
  2 wizards
  10 steelbarb worms
  4 obsidian statues
  An anaconda skeleton (Volcano)
  22 harpies
  4 deep elf archers (Elf:1)
  A phantasmal warrior (D:11)
  6 necromancers
  2 orc knights
  A harpy (shapeshifter) (D:13)
  12 deep elf pyromancers
  An orc sorcerer (Orc:2)
  9 deep elf zephyrmancers (Elf:1)
  22 ugly things
  4 salamanders (Depths:2)
  A moth of wrath (Spider:3)
  16 wolf spiders
  9 cyclopes
  11 fauns
  A frost giant skeleton (Depths:1)
  20 manticores
  A sphinx skeleton (Depths:1)
  20 elephants
  Maurice (D:8)
  8 merfolk sirens
  A fire giant skeleton (Depths:1)
  2 torpor snails
  7 water nymphs
  6 black mambas
  2 smoke demons (Depths:1)
  A cane toad (shapeshifter) (D:12)
  A dire elephant zombie (Lair:6)
  4 cane toads
  A dire elephant skeleton (Lair:6)
  6 gargoyles
  8 rime drakes
  2 unseen horrors
  10 komodo dragons
  7 demonic crawlers
  3 hellwings
  A red devil (Depths:1)
  3 tengu conjurers
  27 merfolk
  15 meliai
  A troll (shapeshifter) (D:13)
  3 trolls
  5 wind drakes
  5 hornets
  21 tarantellas
  19 blink frogs
  2 polar bears
  10 slime creatures
  6 snapping turtles
  12 dream sheep
  A spectral elephant (Lair:6)
  20 flying skulls
  2 centaur simulacra
  5 wraiths
  35 jumping spiders
  2 ynoxinuls (Depths:1)
  12 water elementals
  19 culicivoras
  A spriggan (shapeshifter) (D:13)
  A shadow (D:11)
  35 yaks
  6 spriggans
  A fire elemental (Elf:1)
  4 wyverns
  A golden eye (shapeshifter) (D:15)
  4 basilisks
  12 vampire mosquitoes
  A neqoxec (Depths:1)
  A death yak simulacrum (Lair:6)
  2 wargs
  62 redbacks
  A spectral cane toad (Lair:6)
  11 water moccasins
  2 hell hounds (Lair:2)
  Duvessa (D:5)
  2 acid dragons
  A floating eye (Depths:2)
  5 black bears
  21 orc warriors
  A sky beast (D:6)
  2 elephant zombies (Lair:6)
  An ettin simulacrum (Depths:1)
  7 necrophages
  10 wolves
  7 ogres
  7 centaurs
  A kobold brigand (D:7)
  A phantom (D:5)
  10 bullfrogs
  3 scorpions
  A wyvern zombie (D:8)
  A gnoll sergeant (D:9)
  Dowan (D:5)
  A water moccasin zombie (D:6)
  11 killer bees
  An elephant simulacrum (Lair:6)
  9 electric eels
  10 wights
  A howler monkey (D:5)
  A crimson imp (D:10)
  6 centaur zombies
  A bullfrog zombie (D:5)
  2 bullfrog skeletons
  A human zombie (D:8)
  A jelly (D:6)
  28 orc priests
  A hound (D:4)
  An iguana (D:6)
  20 orc wizards
  3 hell rats (Lair:3)
  A killer bee zombie (D:9)
  A hound skeleton (D:8)
  5 mummies (D:8)
  A howler monkey zombie (D:6)
  14 gnolls
  A howler monkey skeleton (D:5)
  14 adders
  A shadow imp (D:7)
  3 white imps
  67 orcs
  6 bats
  8 endoplasms
  5 giant cockroaches
  12 goblins
  4 hobgoblins (D:4)
  5 jackals (D:1)
  A quokka (D:5)
  4 ball pythons
  2 frilled lizards (D:1)
  10 kobolds
  10 rats
  A bush (D:8)
1342 creatures vanquished.

Vanquished Creatures (collateral kills)
  2 death yaks (Shoals:3)
  A pharaoh ant (Spider:4)
  2 orb spiders (Spider:4)
  A demonic crawler (Spider:4)
  3 dream sheep (Shoals:3)
  An orc warrior (Bailey)
  6 orcs (Bailey)
16 creatures vanquished.

Vanquished Creatures (others)
  A ghost moth (Spider:4)
  A redback (Spider:1)
  An orc warrior (Bailey)
  A hell rat (Lair:3)
  3 orcs (Bailey)
  51 fungi
  154 plants
  19 withered plants (Lair:6)
231 creatures vanquished.

Grand Total: 1589 creatures vanquished

Notes
Turn   | Place    | Note
-------+----------+-------------------------------------------
     0 | D:1      | Gabide the Vine Stalker Monk began the quest for the Orb.
     0 | D:1      | Reached XP level 1. HP: 11/11 MP: 2/2
   130 | D:1      | Reached XP level 2. HP: 8/16 MP: 3/3
   708 | D:1      | Reached XP level 3. HP: 20/20 MP: 2/4
  2394 | D:3      | Gained mutation: Your natural rate of healing is unusually
                  | fast. [Vine Stalker growth]
  2394 | D:3      | Reached XP level 4. HP: 21/24 MP: 5/5
  2527 | D:3      | Found a faded altar of an unknown god.
  2677 | D:3      | Reached skill level 4 in Unarmed Combat
  2789 | D:3      | Reached XP level 5. HP: 23/28 MP: 6/6
  3282 | D:4      | Identified the +1 ring mail of Theory {Rampage rF+ Will+
                  | rCorr}
  3384 | D:4      | Reached XP level 6. HP: 33/33 MP: 7/7
  3796 | D:5      | Entered Level 5 of the Dungeon
  3810 | D:5      | Identified the +4 rapier of the Glowing Enemy {protect,
                  | rN+}
  3948 | D:5      | Noticed Dowan
  3951 | D:5      | Noticed Duvessa
  3951 | D:5      | Noticed a necrophage
  3974 | D:5      | Reached skill level 5 in Unarmed Combat
  4027 | D:5      | Reached XP level 7. HP: 38/38 MP: 8/8
  4195 | D:5      | Noticed a wraith
  4218 | D:5      | Killed a wraith
  4219 | D:5      | Reached skill level 5 in Fighting
  4226 | D:5      | Found an opulent altar of Gozag.
  4365 | D:5      | Killed Duvessa
  4366 | D:5      | Reached skill level 6 in Unarmed Combat
  4366 | D:5      | Gained mutation: You have razor-sharp teeth. [Vine Stalker
                  | growth]
  4366 | D:5      | Reached XP level 8. HP: 28/44 MP: 9/9
  4487 | D:5      | Reached skill level 5 in Dodging
  4969 | D:5      | Killed Dowan
  5168 | D:6      | Noticed a komodo dragon
  5324 | D:7      | Found Nuquraob's Book Boutique.
  5336 | D:7      | Found a staircase to the Ecumenical Temple.
  5342 | Temple   | Entered the Ecumenical Temple
  5720 | D:7      | Found Bitriwna's Antique Armour Emporium.
  5919 | D:7      | Found a radiant altar of Vehumet.
  6441 | D:6      | Reached skill level 7 in Unarmed Combat
  6523 | D:6      | Reached XP level 9. HP: 48/49 MP: 10/10
  6640 | D:6      | Killed a komodo dragon
  7368 | D:7      | Bought a dazzling cloak for 332 gold pieces
  7368 | D:7      | Identified the +2 cloak "Nefrelow" {Regen+} (You bought it
                  | in a shop on level 7 of the Dungeon)
  7441 | D:8      | Reached skill level 8 in Unarmed Combat
  7580 | D:8      | Found a burning altar of Makhleb.
  7621 | D:8      | Found a staircase to the Lair.
  7662 | D:8      | Reached XP level 10. HP: 56/56 MP: 11/11
  7673 | D:8      | Noticed Maurice
  7681 | D:8      | Killed Maurice
  7694 | D:8      | Noticed Erica
  7704 | D:8      | Killed Erica
  7705 | D:8      | Reached skill level 9 in Unarmed Combat
  7775 | D:8      | Found a flagged portal.
  7795 | Bailey   | Entered a bailey
  7955 | Bailey   | Noticed an orc knight
  7956 | Bailey   | Noticed an orc knight
  7964 | Bailey   | Gained mutation: You have sharp toenails. [potion of
                  | mutation]
  7964 | Bailey   | Gained mutation: You have hidden genetic potential. [potion
                  | of mutation]
  8032 | Bailey   | HP: 1/57 [orc knight/+0 halberd (10)]
  8155 | D:8      | Found an ancient bone altar of Kikubaaqudgha.
  8464 | D:8      | Found a shimmering altar of Xom.
  9262 | D:9      | Found a shimmering blue altar of Sif Muna.
  9268 | D:9      | Became a worshipper of Sif Muna the Loreminder
  9268 | D:9      | Reached * piety under Sif Muna
  9268 | D:9      | Reached ** piety under Sif Muna
  9326 | D:10     | Entered Level 10 of the Dungeon
  9343 | D:10     | Found a staircase to the Orcish Mines.
  9535 | D:10     | Noticed a gargoyle
  9544 | D:10     | Killed a gargoyle
  9545 | D:10     | Reached skill level 10 in Unarmed Combat
  9545 | D:10     | Reached XP level 11. HP: 62/62 MP: 12/12
  9604 | D:10     | Noticed Snorg
  9735 | Lair:1   | Entered Level 1 of the Lair of Beasts
 10689 | Lair:2   | Found a dark tunnel.
 10703 | Lair:2   | Gained mutation: You are partially covered in large bone
                  | plates. (SH +4) [hidden potential]
 10704 | Volcano  | Entered a volcano
 10747 | Volcano  | Reached skill level 10 in Fighting
 10797 | Volcano  | Noticed a skeletal warrior
 10936 | Lair:2   | Noticed a four-headed hydra
 10947 | Lair:2   | Killed a four-headed hydra
 10981 | Lair:2   | Reached skill level 10 in Dodging
 11044 | Lair:2   | Reached skill level 1 in Invocations
 11063 | Lair:2   | Found a gate leading to a gauntlet.
 11072 | Gauntlet | Entered a Gauntlet
 11072 | Gauntlet | Noticed a catoblepas
 11072 | Gauntlet | Found a transporter.
 11072 | Gauntlet | Found a transporter.
 11072 | Gauntlet | Found a transporter.
 11081 | Gauntlet | Noticed a catoblepas
 11082 | Gauntlet | Found a transporter.
 11085 | Gauntlet | Found a transporter.
 11090 | Gauntlet | Noticed a necromancer
 11093 | Gauntlet | Found a transporter.
 11096 | Gauntlet | Found a transporter.
 11107 | Gauntlet | Found a transporter.
 11108 | Gauntlet | Noticed an obsidian statue
 11124 | Gauntlet | Found a transporter.
 11141 | Gauntlet | Found a transporter.
 11156 | Gauntlet | Found a transporter.
 11210 | Gauntlet | Found a transporter.
 11294 | Gauntlet | Identified the ring of Toev {Drain rC+++ rCorr Int+3}
 11331 | Gauntlet | Killed a catoblepas
 11391 | Gauntlet | Killed a necromancer
 11463 | Gauntlet | Identified the +2 pair of boots of the Boiling Point {rF+
                  | Str-2 Int+4}
 11474 | Gauntlet | Killed an obsidian statue
 11475 | Gauntlet | Reached XP level 12. HP: 67/67 MP: 12/15
 11503 | Gauntlet | Identified the +3 hunting sling of the Middle {freeze, rC+
                  | Dex+6 Stlth-}
 11503 | Gauntlet | Noticed a minotaur
 11529 | Gauntlet | Identified the ring "Ihyiv" {Will+ rCorr Str+6 Dex+2}
 11601 | Lair:2   | Reached *** piety under Sif Muna
 12142 | Lair:3   | Noticed a seven-headed hydra
 12153 | Lair:3   | Killed a seven-headed hydra
 12157 | Lair:3   | Gained mutation: You are covered in fur. (AC +1) [hidden
                  | potential]
 12157 | Lair:3   | Lost mutation: You have hidden genetic potential. [hidden
                  | potential expressed]
 12250 | Lair:3   | Found a hole to the Spider Nest.
 12433 | Lair:3   | Reached skill level 11 in Unarmed Combat
 12681 | Lair:3   | Reached skill level 1 in Spellcasting
 12825 | Lair:3   | Found a staircase to the Shoals.
 13218 | Lair:4   | Noticed a five-headed hydra
 13218 | Lair:4   | Noticed a six-headed hydra
 13218 | Lair:4   | Found a runed translucent gate.
 13218 | Lair:4   | Found a runed translucent gate.
 13218 | Lair:4   | Found a runed translucent gate.
 13469 | Lair:4   | Reached skill level 5 in Invocations
 13606 | Lair:4   | Noticed a minotaur
 13615 | Lair:4   | Noticed Fiha's ghost (journeyman VSTm)
 13623 | Lair:4   | Killed a six-headed hydra
 13624 | Lair:4   | Reached skill level 5 in Spellcasting
 13627 | Lair:4   | Learned a level 2 spell: Blink
 13630 | Lair:4   | Learned a level 2 spell: Wereblood
 13653 | Lair:4   | Killed a five-headed hydra
 13654 | Lair:4   | Reached XP level 13. HP: 71/74 MP: 21/21
 13771 | Lair:4   | Reached **** piety under Sif Muna
 13832 | Lair:3   | Reached skill level 5 in Transmutations
 13918 | Lair:4   | Killed Fiha's ghost
 13954 | Lair:4   | Killed a minotaur
 14018 | Lair:4   | Learned a level 6 spell: Statue Form
 14119 | Lair:4   | Got the Incunabulum of Doomed Flight
 14288 | Lair:4   | Reached skill level 1 in Earth Magic
 15979 | Lair:6   | Entered Level 6 of the Lair of Beasts
 16258 | Lair:6   | Noticed a dire elephant
 16258 | Lair:6   | Noticed a dire elephant
 16258 | Lair:6   | Noticed a dire elephant
 16408 | Lair:5   | Killed a dire elephant
 16483 | Lair:6   | Noticed a dire elephant
 16518 | Lair:6   | Reached skill level 12 in Unarmed Combat
 16830 | Lair:6   | Reached XP level 14. HP: 42/79 MP: 11/22
 16858 | Lair:6   | Reached skill level 5 in Earth Magic
 16952 | Lair:6   | Found a staircase to the Slime Pits.
 17002 | Lair:6   | Found a viscous altar of Jiyva.
 17310 | Lair:6   | Reached ***** piety under Sif Muna
 17581 | Lair:5   | Killed a dire elephant
 17746 | Lair:5   | Killed a dire elephant
 18269 | Lair:6   | Killed a dire elephant
 18308 | Lair:6   | Identified the +4 flail of Qefep {vamp, Fragile rF+ rN+
                  | Dex+2}
 18344 | Lair:6   | Identified the amulet of Tiko {rElec rPois Regen+ Stlth+}
 18444 | Lair:6   | Received a gift from Sif Muna
 18492 | Lair:6   | Got Sif Muna's Papyrus of Changing and Poison {god gift}
 18498 | Lair:6   | Learned a level 4 spell: Petrify
 19259 | D:10     | Killed Snorg
 19627 | D:11     | Found a runed translucent door.
 20016 | D:11     | Found Facs's Demolitions Depot.
 20538 | D:11     | Identified the +4 hand axe "Ycviejit" {vorpal, Int+2}
 20540 | D:11     | Identified the +1 robe "Fyshrosk" {Fly rN+ Str-5 Archmagi}
 20611 | D:12     | Reached XP level 15. HP: 72/84 MP: 14/27
 21200 | D:12     | Received a gift from Sif Muna
 21222 | D:12     | Got Lesol's Papyrus of Unstable Beguiling {god gift}
 21448 | D:12     | Found a runed translucent door.
 21450 | D:12     | Noticed Afrar's ghost (journeyman FoFi)
 21452 | D:12     | Identified the +6 spear of Dismay {flame, rElec Str+3
                  | Int+2}
 21741 | D:13     | Found Ruadux's Assorted Antiques.
 21760 | D:13     | Bought a scroll labelled TURYME HUUST for 31 gold pieces
 21829 | D:13     | Found Bicriena's Jewellery Shoppe.
 21895 | D:13     | Found the +3 giant club "Skullcrusher" {speed, Str+7}
 21899 | D:13     | Identified a scroll of acquirement
 21899 | D:13     | Acquired 870 gold pieces
 21931 | D:13     | Found Pafupn's Magic Scroll Emporium.
 21941 | D:13     | Bought a scroll of identify for 26 gold pieces
 21941 | D:13     | Bought a scroll of silence for 97 gold pieces
 21941 | D:13     | Bought a scroll of blinking for 97 gold pieces
 21941 | D:13     | Bought a scroll of blinking for 97 gold pieces
 21941 | D:13     | Bought a scroll of fear for 45 gold pieces
 21965 | D:13     | Found Wyeqisupt's Assorted Antiques.
 21969 | D:13     | Bought a scroll of teleportation for 60 gold pieces
 21969 | D:13     | Bought a steaming bronze amulet for 100 gold pieces
 21969 | D:13     | Identified the amulet "Dickab" {rElec Regen+} (You bought
                  | it in a shop on level 13 of the Dungeon)
 21969 | D:13     | Bought a scroll of identify for 40 gold pieces
 21969 | D:13     | Bought a scroll of fear for 70 gold pieces
 22421 | D:13     | Found a gate to the Vaults.
 22436 | D:13     | Reached skill level 13 in Unarmed Combat
 22846 | D:13     | Learned a level 5 spell: Lee's Rapid Deconstruction
 23093 | D:14     | Reached skill level 14 in Unarmed Combat
 23647 | D:15     | Entered Level 15 of the Dungeon
 23965 | D:15     | Reached skill level 1 in Armour
 24001 | D:15     | Reached XP level 16. HP: 80/90 MP: 15/29
 24585 | D:15     | Found a staircase to the Depths.
 24592 | D:15     | Received a gift from Sif Muna
 24593 | D:15     | Got Rugearph's Incunabulum of Spatial Poison {god gift}
 25058 | D:12     | Killed Afrar's ghost
 25205 | D:8      | Identified the +2 long sword "Jurr" {freeze, rF+ Str+4
                  | Int-4 Dex+6}
 25315 | Shoals:1 | Entered Level 1 of the Shoals
 25327 | Shoals:1 | Reached skill level 5 in Armour
 25336 | Shoals:1 | Reached skill level 15 in Unarmed Combat
 25684 | Shoals:1 | Learned a level 5 spell: Blade Hands
 25717 | Shoals:1 | You fall into a shaft and drop 1 floor!
 26779 | Shoals:2 | Reached skill level 16 in Unarmed Combat
 27022 | Shoals:3 | Noticed Louise
 27030 | Shoals:3 | Killed Louise
 27523 | Shoals:3 | Noticed Nikola
 27535 | Shoals:2 | Killed Nikola
 27621 | Shoals:2 | Reached skill level 10 in Transmutations
 28074 | Shoals:3 | Noticed Polyphemus
 28099 | Shoals:3 | Killed Polyphemus
 28397 | Shoals:4 | Entered Level 4 of the Shoals
 28508 | Shoals:3 | Reached XP level 17. HP: 83/94 MP: 30/30
 28582 | Shoals:4 | Reached skill level 10 in Earth Magic
 28591 | Shoals:3 | Received a gift from Sif Muna
 28596 | Shoals:3 | Got Sif Muna's Catalogue of Hurtful Earth {god gift}
 29260 | Shoals:4 | Noticed a sphinx
 29274 | Shoals:4 | Killed a sphinx
 29277 | Shoals:4 | Reached skill level 10 in Spellcasting
 29378 | Shoals:4 | Noticed a sphinx
 29387 | Shoals:4 | Killed a sphinx
 29451 | Shoals:4 | Got a barnacled rune of Zot
 29453 | Shoals:4 | Identified the +7 chain mail "Law Aggaes" {rPois rN+ Int+3}
 29496 | Shoals:4 | HP: 4/95 [satyr/sling bullet (19)]
 30196 | Shoals:4 | Identified the ring of Qeuxili {rF+ Will+ Str+2}
 30876 | Depths:1 | Entered Level 1 of the Depths
 31290 | Spider:1 | Entered Level 1 of the Spider Nest
 31384 | Spider:1 | Received a gift from Sif Muna
 31385 | Spider:1 | Got Hezan's Almanac of Fetching Confrontation {god gift}
 31824 | Lair:3   | Reached XP level 18. HP: 99/102 MP: 33/33
 32318 | Spider:2 | Noticed Arachne
 32333 | Spider:2 | Killed Arachne
 33836 | Spider:3 | Received a gift from Sif Muna
 33851 | Spider:3 | Got Sif Muna's Wizardry in Simple Steps {god gift}
 34684 | Spider:4 | Entered Level 4 of the Spider Nest
 35182 | Spider:4 | Reached XP level 19. HP: 77/106 MP: 15/35
 35249 | Spider:4 | Received a gift from Sif Muna
 36090 | Spider:4 | Got a gossamer rune of Zot
 36433 | Orc:1    | Entered Level 1 of the Orcish Mines
 36434 | Orc:1    | Found Meseumaz's CLEARANCE SALE!.
 36486 | Orc:1    | Bought a scroll of immolation for 7 gold pieces
 36486 | Orc:1    | Bought a potion of attraction for 6 gold pieces
 36486 | Orc:1    | Bought a scroll of fog for 4 gold pieces
 36672 | Orc:2    | Entered Level 2 of the Orcish Mines
 36694 | Orc:2    | Found Refiru's Magic Scroll Shop.
 36712 | Orc:2    | Bought a scroll of fog for 26 gold pieces
 36712 | Orc:2    | Bought a scroll of teleportation for 39 gold pieces
 36712 | Orc:2    | Bought a scroll of magic mapping for 45 gold pieces
 36712 | Orc:2    | Bought a scroll of teleportation for 39 gold pieces
 36712 | Orc:2    | Bought a scroll of fog for 26 gold pieces
 36763 | Orc:2    | Found a staircase to the Elven Halls.
 36837 | Orc:2    | Received a gift from Sif Muna
 36844 | Orc:2    | Got Sif Muna's Catalogue of Excruciating Changing {god
                  | gift}
 36851 | Orc:2    | Found Copet's Distillery.
 36851 | Orc:2    | Found Westras's Weapon Emporium.
 36851 | Orc:2    | Found Xaicvogh's General Store.
 36879 | Orc:2    | Found Ixutu's Jewellery Shoppe.
 36918 | Orc:2    | Bought a wand of charming (5) for 98 gold pieces
 36918 | Orc:2    | Bought a scroll of holy word for 105 gold pieces
 37005 | Orc:2    | Reached ****** piety under Sif Muna
 37118 | Orc:2    | Found a runed translucent door.
 37118 | Orc:2    | Found a shimmering altar of Xom.
 37118 | Orc:2    | Noticed Exodus22XD's ghost (journeyman SpEn)
 37382 | Orc:2    | Killed Exodus22XD's ghost
 37418 | Orc:2    | Bought a potion of cancellation for 128 gold pieces
 37418 | Orc:2    | Bought a potion of curing for 48 gold pieces
 37418 | Orc:2    | Bought a potion of curing for 48 gold pieces
 37418 | Orc:2    | Bought a potion of haste for 160 gold pieces
 37418 | Orc:2    | Bought a potion of flight for 48 gold pieces
 37418 | Orc:2    | Bought a potion of invisibility for 128 gold pieces
 37418 | Orc:2    | Bought a potion of might for 64 gold pieces
 37657 | Depths:1 | Gained mutation: You tend to lose your temper in combat. [a
                  | neqoxec]
 38259 | Orc:2    | Bought a potion of mutation for 128 gold pieces
 38474 | D:15     | Lost mutation: You have sharp toenails. [potion of
                  | mutation]
 38474 | D:15     | Lost mutation: You are partially covered in large bone
                  | plates. (SH +4) [potion of mutation]
 38474 | D:15     | Lost mutation: You tend to lose your temper in combat.
                  | [potion of mutation]
 38474 | D:15     | Gained mutation: You passively dampen the noise of your
                  | surroundings. [potion of mutation]
 38474 | D:15     | Gained mutation: You are weak. (Str -2) [potion of
                  | mutation]
 38516 | Depths:1 | Found a gateway to Hell.
 38621 | Depths:1 | Noticed a golden dragon
 38624 | Depths:1 | Noticed Morar's ghost (veteran PaBe)
 38632 | Depths:1 | Found a transporter.
 38645 | Depths:1 | Found a transporter.
 38665 | Depths:1 | Acquired 460 gold pieces
 38756 | Depths:1 | Acquired 1161 gold pieces
 38889 | Depths:1 | Found a one-way gate to the infinite horrors of the Abyss.
 40079 | Depths:1 | Received a gift from Sif Muna
 40080 | Depths:1 | Got Sif Muna's Tome of Attacks and the Voyage {god gift}
 40537 | Depths:2 | Found a one-way gate leading to the halls of Pandemonium.
 40542 | Depths:2 | Reached XP level 20. HP: 105/111 MP: 34/38
 40618 | Depths:2 | Noticed a golden dragon
 40633 | Depths:2 | Killed a golden dragon
 40674 | Depths:2 | Noticed a golden dragon
 40679 | Depths:2 | Noticed a caustic shrike
 40688 | Depths:2 | Killed a caustic shrike
 40696 | Depths:2 | Reached skill level 17 in Unarmed Combat
 40698 | Depths:2 | Killed a golden dragon
 40743 | Depths:2 | Noticed a caustic shrike
 40754 | Depths:2 | Killed a caustic shrike
 41157 | Depths:2 | Reached skill level 15 in Fighting
 41389 | Depths:2 | Received a gift from Sif Muna
 41400 | Depths:2 | Got Sif Muna's Collected Works on the Entourage {god gift}
 41507 | Depths:2 | Noticed a juggernaut
 41789 | Depths:2 | Noticed a juggernaut
 41802 | Depths:2 | Killed a juggernaut
 41999 | Depths:2 | Reached skill level 15 in Dodging
 42041 | Depths:2 | Killed a juggernaut
 42544 | Depths:2 | Noticed a golden dragon
 42551 | Depths:2 | Killed a golden dragon
 42945 | Depths:2 | Noticed a juggernaut
 42953 | Depths:2 | Killed a juggernaut
 42954 | Depths:2 | Reached skill level 18 in Unarmed Combat
 43023 | Depths:3 | Reached XP level 21. HP: 117/117 MP: 32/39
 43194 | Depths:3 | Found a runed translucent gate.
 43195 | Depths:3 | Found a runed translucent gate.
 43195 | Depths:3 | Found a runed translucent gate.
 43195 | Depths:3 | Found an ancient bone altar of Kikubaaqudgha.
 43195 | Depths:3 | Noticed Suc Xyut's ghost (adept DsGl)
 43195 | Depths:3 | Noticed a dread lich
 43195 | Depths:3 | Noticed an ancient lich
 43196 | Depths:3 | Noticed Egehe's ghost (adept DgCj)
 43196 | Depths:3 | Noticed an ancient lich
 43206 | Depths:3 | Killed a dread lich
 43211 | Depths:3 | Killed an ancient lich
 43218 | Depths:3 | Killed an ancient lich
 43219 | Depths:3 | Reached skill level 19 in Unarmed Combat
 43227 | Depths:3 | Killed Egehe's ghost
 43239 | Depths:3 | Killed Suc Xyut's ghost
 43263 | Depths:3 | Identified the -2 cloak "Omell" {rF+ MP+9}
 43266 | Depths:3 | Identified the ring "Cerghum" {*Slow +Blink rElec MP+9
                  | SInv}
 43381 | Depths:3 | Found a one-way gateway to a ziggurat.
 43498 | Depths:3 | Received a gift from Sif Muna
 43546 | Depths:3 | Got Sif Muna's Further Steps in Witchcraft {god gift}
 44008 | Depths:3 | Reached skill level 20 in Unarmed Combat
 44035 | Depths:3 | Found the +7 great mace "Firestarter" {inner flame, rF++}
 44035 | Depths:3 | Found the +8 glaive of the Guard {elec, spectral, AC+5}
 44035 | Depths:3 | Found the +7 staff of the Meek {protect, meekguard}
 44044 | Depths:3 | Identified the +4 flail of Hylowuz {drain, rPois rF+}
 44048 | Depths:3 | Identified the +9 hunting sling of the Lesser Evil {flame,
                  | rC++ Int-3}
 44051 | Depths:3 | Identified the +6 mace of Success {vorpal, rN+}
 44054 | Depths:3 | Identified the +7 great sword "Gabide's Regret" {drain,
                  | rF++ rC+++ Str-3 Dex+2}
 44065 | Depths:3 | Noticed a juggernaut
 44080 | Depths:3 | Killed a juggernaut
 44094 | Depths:3 | Found the ring of the Tortoise {AC+8}
 44197 | Depths:3 | Identified the ring of Nobility {Wiz Will+ Str+2 Stlth+}
 44337 | Depths:4 | Entered Level 4 of the Depths
 44634 | Depths:4 | Noticed Woxosof's ghost (adept DsGl)
 44635 | Depths:4 | Noticed an ancient lich
 44639 | Depths:4 | Found a transporter.
 44699 | Depths:4 | Found a transporter.
 44794 | Depths:4 | Noticed a bone dragon
 44847 | Depths:4 | Killed a bone dragon
 45048 | Depths:4 | Found a hazy altar of Hepliaklqana.
 45190 | Depths:4 | Found a gate to the Realm of Zot.
 45466 | Elf:1    | Entered Level 1 of the Elven Halls
 45759 | Elf:1    | Reached XP level 22. HP: 126/126 MP: 37/40
 45877 | Elf:1    | Found Kigickuu's Antique Weapon Emporium.
 45881 | Elf:1    | Found Wafeq's Jewellery Shoppe.
 45881 | Elf:1    | Found Qunt's Jewellery Emporium.
 45884 | Elf:1    | Found Guapen's Magic Scroll Shoppe.
 45890 | Elf:1    | Received a gift from Sif Muna
 45897 | Elf:1    | Got Sif Muna's Reference Book on Ghastly Transmigration
                  | {god gift}
 45903 | Elf:1    | Bought a scroll of teleportation for 42 gold pieces
 45903 | Elf:1    | Bought a scroll of teleportation for 42 gold pieces
 45903 | Elf:1    | Bought a scroll of teleportation for 42 gold pieces
 45903 | Elf:1    | Bought a scroll of teleportation for 42 gold pieces
 45903 | Elf:1    | Bought a scroll of teleportation for 42 gold pieces
 45936 | Elf:1    | HP: 3/126 [deep elf blademaster/+0 rapier (12)]
 45936 | Elf:1    | Mangled by a deep elf blademaster

Illustrated notes

Levels and vault maps discovered:
D:1:      amcnicky_arrival_blooded_trapdoor, layout_basic,
          hangedman_decor_points
D:2:      layout_loops_ring
D:3:      layout_loops_ring, basic_ecumenical_altar, fountainhead
D:4:      layout_loops_ring
D:5:      layout_basic, grunt_gozag_statues, uniq_duvessa
D:6:      layout_basic, nrook_mini_vaults
D:7:      layout_gridville, vehumet_altar_wand_db,
          minmay_temple_entry_drinking_statues, serial_shops, shop,
          nicolae_stop_n_shop_2, dk_rats_in_the_wall
D:8:      layout_gridville, makhleb_blood_cavern_becter,
          mainiacjoe_overflow_catwalk, lemuel_mausoleum_altar_kikubaaqudgha,
          david_lair_generic, enter_bailey_5, special_room [special_room_orc],
          kb_lookout_dungeons_type, uniq_erica, uniq_maurice
D:9:      layout_long_grid, lemuel_round_altar, serial_glass, glass_columns_b,
          glass_columns_a, glass_columns_a, glass_columns_a, glass_columns_a,
          glass_columns_b, due_unseen_surprise, item_on_display_a,
          minmay_strange_pillars, minmay_misc_feat_columns
D:10:     layout_gridville, orc_0_dummy, minmay_fire_ice_demons, uniq_snorg
D:11:     layout_roguey, nicolae_blasting_shop, minmay_st_funbox,
          corexii_hall_statues_x, minivault_16
D:12:     layout_roguey, ebering_ghost_funeral_grove
D:13:     layout_basic, david_vaults_5, serial_shops, shop,
          nicolae_shop_overgrown_old_shop, nicolae_diamond_shop, shop_scrolls,
          minmay_guarded_unrand_skullcrusher
D:14:     layout_roguey, nicolae_splish_splash
D:15:     grunt_enter_depths_hoard, layout_long_grid, minmay_misc_feat_five,
          minmay_three_doors
Temple:   regret_index_temple_sphere_string
Lair:1:   layout_regular_city, serial_bayou_ford_a
Lair:2:   layout_misc_corridors, gauntlet_entry_generic, enter_volcano_3
Lair:3:   layout_chaotic_city, shoals_dummy_entry, spider_nest_entry_rubble,
          serial_bayou, serial_bayou_pond_d, serial_bayou_lagoon_a,
          serial_bayou_pond_d, serial_bayou_lagoon_b, beast_lair_carwin_5
Lair:4:   minmay_lair_venomous_thicket, layout_small_grid,
          maelrawn_ghost_gauntlet_escape
Lair:5:   layout_cellular_growth, nicolae_quartered_pool_impasse,
          grunt_forest_small_clearing_treed, infiniplex_staircase_pool_2
Lair:6:   due_jungle_book, layout_cave_pods, slime_altar_1
Shoals:1: layout_shoals
Shoals:2: layout_shoals, nicolae_shoals_land_atoll
Shoals:3: layout_shoals, uniq_nikola, uniq_louise, uniq_polyphemus
Shoals:4: shoals_end_hellmonk_lost_city
Spider:1: layout_spider_delve, portal_ice_cave_entry_dragon
Spider:2: layout_cave_pods, nicolae_spider_bzzzt, nicolae_spider_cling_halls,
          uniq_arachne
Spider:3: layout_spider_delve
Spider:4: guppyfry_spider_rune, hangedman_stitches_earthworm
Orc:1:    layout_diamond_mine, nicolae_shop_clearance
Orc:2:    st_orc_mages, layout_caves, serial_shops, shop, ebering_ghost_xom
Elf:1:    minmay_elf_arrival_plus, layout_loops_corners, serial_shops,
          nicolae_shop_waterfront, hangedman_elf_disciples, drop_trap,
          minivault_27, nicolae_shop_dragon_depot, minivault_25,
          nicolae_elf_martial_mastery, minmay_shoptagon
Depths:1: layout_gridlike, grunt_hell_entry_demonic_statue, abyss_entry,
          gammafunk_ghost_arena, drop_trap, amcnicky_mini_pool_small,
          minmay_protected_statue
Depths:2: lemuel_castle_with_subvaults [lemuel_castle_interior_original],
          layout_gridlike, hangedman_abyss_or_decor_slice,
          rand_demon_pan_entry_8, abyss_entry, hell_entry,
          kennysheep_random_hallway, infiniplex_staircase_pool_lava
Depths:3: giant_chief_lemuel, layout_cave_pools, enter_ziggurat_b, abyss_entry,
          pan_entry, pf_coc_iceberg, gammafunk_ghost_crypt,
          infiniplex_staircase_zigzag_2
Depths:4: evilmike_zot_entry_basic, layout_cave_shapes,
          nicolae_hepliaklqana_hippocampus, gammafunk_ghost_abyssal_escape,
          hell_entry, corexii_hall_statues_l, hangedman_decor_diamond_cutter

Skill      XL: |  1  2  3  4  5  6  7  8  9 10 11 12 13 14 15 16 17 18 19 20 21 22 |
---------------+-------------------------------------------------------------------+-----
Fighting       | 3 4 5 6 7 9 10 11 12 14 15 16 17 | 17.0
Dodging        | 3 4 5 7 8 10 11 12 13 14 15 | 15.1
Unarmed Combat | 4 5 6 7 8 10 11 12 14 16 18 20 | 20.0
Invocations    | 3 5 8 |  8.0
Spellcasting   | 5 7 8 10 11 13 | 13.0
Transmutations | 2 5 8 10 12 13 | 13.0
Earth Magic    | 4 8 9 10 12 13 | 13.0
Armour         | 1 5 |  5.0
Stealth        | |  2.4

Action                   |  1- 3 |  4- 6 |  7- 9 | 10-12 | 13-15 | 16-18 | 19-21 | 22-24 || total
-------------------------+-------+-------+-------+-------+-------+-------+-------+-------++-------
Melee: Unarmed           |   115 |    48 |    45 |   656 |  1295 |  1168 |  1204 |    44 ||  4575
       Bite              |    24 |    37 |   103 |   278 |   637 |   533 |   618 |    15 ||  2245
       Punch             |     3 |     6 |    22 |    57 |   152 |   181 |   233 |     3 ||   657
       Short sword       |       |    75 |       |       |       |       |       |       ||    75
       Rapier            |       |    11 |   211 |       |       |       |       |       ||   222
       Kick              |       |       |       |   142 |       |       |       |       ||   142
Throw: Dart              |       |    31 |     9 |    25 |    10 |       |       |       ||    75
       Throwing net      |       |       |     1 |       |       |       |       |       ||     1
       Boomerang         |       |       |       |     3 |       |       |       |       ||     3
       Javelin           |       |       |       |       |       |     2 |       |       ||     2
 Cast: Wereblood         |       |       |       |       |    10 |     1 |     5 |       ||    16
       Petrify           |       |       |       |       |    41 |    17 |    18 |       ||    76
       Blade Hands       |       |       |       |       |       |   101 |    57 |       ||   158
       Lee's Rapid Decon |       |       |       |       |       |     4 |     2 |       ||     6
       Statue Form       |       |       |       |       |       |       |    27 |     2 ||    29
Invok: Channel Magic     |       |       |       |     1 |     1 |       |     2 |       ||     4
Evoke: Wand              |       |       |     2 |    28 |       |       |     3 |       ||    33
       Box of beasts     |       |       |       |     1 |       |     1 |     1 |       ||     3
  Use: Scroll            |       |     4 |     6 |    15 |     9 |    11 |     9 |       ||    54
       Potion            |       |       |     2 |    11 |     1 |       |     3 |     1 ||    18
 Stab: Sleeping          |       |     1 |     1 |     6 |    10 |     5 |     8 |       ||    31
       Held in net/web   |       |       |     1 |       |       |       |       |       ||     1
       Paralysed         |       |       |       |    10 |       |       |       |       ||    10
       Distracted        |       |       |       |       |     5 |     1 |     3 |       ||     9
       Petrified         |       |       |       |       |    44 |    22 |     9 |       ||    75
       Petrifying        |       |       |       |       |     3 |     6 |       |       ||     9
Armor: Scale mail        |    46 |    32 |       |       |       |       |       |       ||    78
       Ring mail         |       |    14 |   118 |   227 |   460 |   434 |   308 |     9 ||  1570
       Skin              |       |       |       |       |       |       |   182 |    12 ||   194
Dodge: Dodged            |    52 |    56 |   180 |   523 |  1014 |  1188 |  1367 |    37 ||  4417
Block: Other             |       |       |       |    63 |   212 |   226 |    61 |       ||   562
